 Dungeon Crawl Stone Soup version 0.30-a0-1018-g25214051b3 (webtiles) character file.

Game seed: 3962046601178150104

2 promet the Chucker (level 1, 0/16 HPs)
             Began as a Draconian Wanderer on Apr 7, 2023.
             Slain by a jackal (1 damage)
             ... on level 1 of the Dungeon.
             The game lasted 00:01:17 (61 turns).

promet the Chucker (Draconian Wanderer)               Turns: 61, Time: 00:01:18

Health: 0/16       AC:  5    Str: 15    XL:     1   Next: 33%
Magic:  1/1        EV: 12    Int: 11    God:
Gold:   11         SH:  0    Dex: 10    Spells: 0/0 levels left

rFire   . . .      SeeInvis .    a - +2 dagger
rCold   . . .      Faith    .    (no shield)
rNeg    . . .      Spirit   .    (body armour unavailable)
rPois   .          Reflect  .    (helmet restricted)
rElec   .          Rampage  .    d - +0 cloak
rCorr   .                        (no gloves)
Will    .....                    (no boots)
Stlth   +                        (no amulet)
HPRegen 0.22/turn                (no ring)
MPRegen 0.07/turn                (no ring)

@: no status effects
A: AC +4, unfitting armour, cold-blooded
a: no special abilities


You were on level 1 of the Dungeon.
You visited 1 branch of the dungeon, and saw 1 of its levels.

You collected 11 gold pieces.

Inventory:

Hand Weapons
 a - a +2 dagger (weapon)
 c - a +0 spear
Missiles
 b - 4 curare-tipped darts (quivered)
 f - 8 stones
Armour
 d - a +0 cloak (worn)
Potions
 e - a potion of heal wounds


   Skills:
 + Level 1.1 Fighting
 + Level 1.0 Polearms
 + Level 3.7 Throwing
 + Level 2.6 Dodging
 + Level 1.0 Invocations


You couldn't memorise any spells.
You didn't know any spells.
Your spell library was empty.

Dungeon Overview and Level Annotations

Branches:
Dungeon (1/15)

Altars:


Innate Abilities, Weirdness & Mutations

Your plain brown scales are hard. (AC +4)
You cannot fit into any form of body armour.
You are cold-blooded and may be slowed by cold attacks.


Message History

The jackal bites you but does no damage.
The goblin hits you but does no damage. The jackal barely misses you.
You hit the jackal but do no damage.
Your tail-slap misses the jackal.
A jackal comes into view.
The jackal bites you. The goblin closely misses you.
The goblin attacks as you move away! The goblin hits you with a +0 club.
The jackal attacks as you move away! The jackal barely misses you.
The jackal misses you.
You hit the jackal.
Your tail-slap misses the jackal.
The jackal is almost dead.
The jackal bites you but does no damage.
The goblin barely misses you.
You hit the jackal but do no damage.
Your tail-slap misses the jackal.
The jackal is almost dead.
The jackal bites you but does no damage.
The goblin closely misses you.
You hit the jackal but do no damage.
The jackal is almost dead.
The jackal bites you. The goblin barely misses you.
The jackal bites you but does no damage.
You closely miss the goblin.
A jackal comes into view.
The goblin misses you.
You miss the goblin.
The jackal barks!
A jackal comes into view.
The goblin hits you with a +0 club. The jackal barely misses you.
You closely miss the goblin. The jackal barely misses you.
The goblin hits you with a +0 club.
You barely miss the jackal. The jackal bites you.
The goblin hits you with a +0 club.
* * * LOW HITPOINT WARNING * * *
The jackal bites you but does no damage.
The jackal barely misses you. The jackal closely misses you.
The goblin barely misses you.
The jackal barks!
You hit the goblin.
You kill the goblin!
The jackal bites you.
You die...

. ...≈≈..♣....≈≈.. ##.
#.≈≈..8.<..♣.≈≈.
...##.≈..♣.....8..≈.
###.....≈...........≈.
#.......≈≈.♣.)....^≈≈.
##.#......≈≈..8....≈≈..
........#h.≈≈.....≈≈...
.....#.#...≈≈≈.≈≈≈....
# #..#.....h@.......#.
#.#........h)h........
#.....................
###...###...........#.
#...# ###.........#
#...# #..###..### #...#
##.# ..># #.... ..#
...# #.... ..


You could see 4 jackals.

Vanquished Creatures
  A bat (D:1)
  An endoplasm (D:1)
  A goblin (D:1)
3 creatures vanquished.

Notes
Turn   | Place    | Note
-------+----------+-------------------------------------------
     0 | D:1      | promet the Draconian Wanderer began the quest for the Orb.
     0 | D:1      | promet set off with the following items: a +2 dagger, 4
                  | curare-tipped darts, a +0 spear, a +0 cloak, a potion of
                  | heal wounds.
     0 | D:1      | Reached XP level 1. HP: 16/16 MP: 1/1
    61 | D:1      | Slain by a jackal

Illustrated notes

Levels and vault maps discovered:
D:1:      moated_graveyard_arrival, layout_loops_cross

Action                     || total
---------------------------++-------
  Melee: Dagger            ||    19
 Armour: Skin              ||    12
  Dodge: Dodged            ||    20

Table legend: (Time is in decaauts)
 A = Elapsed time spent in this place.
 B = Non-inter-level travel time spent in this place.
 C = Inter-level travel time spent in this place.
 D = Time resting spent in this place.
 E = Time spent auto-exploring this place.
 F = Levels seen in this place.
 G = Mean time per level.
                   A        B        C        D        E       F      G
               +--------+--------+--------+--------+--------+-----+--------+
         Total |     61 |     61 |      0 |      0 |      0 |   1 |   61.0 |
       Dungeon |     61 |     61 |      0 |      0 |      0 |   1 |   61.0 |
               +--------+--------+--------+--------+--------+-----+--------+

Top non-repeatable levels by time:
     D:1: 61 daAuts
